 Dungeon Crawl Stone Soup version 0.31-a0-692-gf03d1854d5 (webtiles) character file.

Game seed: 16316950230836906378

122 qw the Shooter (level 5, -2/32 HPs)
             Began as a Gargoyle Hunter on Sept 6, 2023.
             Slain by an orc
             ... wielding a +0 whip
              (5 damage)
             ... on level 3 of the Dungeon.
             The game lasted 00:00:50 (1434 turns).

qw the Shooter (Gargoyle Hunter)                    Turns: 1434, Time: 00:00:51

Health: -2/32      AC: 10    Str: 18    XL:     5   Next: 6%
Magic:  5/5        EV: 11    Int:  9    God:
Gold:   94         SH:  0    Dex: 14    Spells: 4/4 levels left

rFire   . . .        Y - +1 shortbow (heavy)
rCold   + . .        (shield currently unavailable)
rNeg    + . .        f - +0 ring mail
rPois   inf          (no helmet)
rElec   +            (no cloak)
rCorr   .            (no gloves)
SInv    .            e - +0 pair of boots
Will    .....        (no amulet)
Stlth   ++           a - ring of protection from cold
HPRegen 0.25/turn    (no ring)
MPRegen 0.09/turn

%: no passive effects
@: no status effects
A: sickness immunity, AC +4, negative energy resistance 1, electricity
resistance, torment resistance 1, petrification resistance, camouflage 1, strong
1
a: no special abilities


You were on level 3 of the Dungeon.
You visited 1 branch of the dungeon, and saw 3 of its levels.

You collected 94 gold pieces.


Innate Abilities, Weirdness & Mutations

You are immune to sickness and miasma.
Your stone body is resilient. (AC +4)
You are immune to poison.
You resist negative energy. (rN+)
You are resistant to electric shocks. (rElec)
You are resistant to unholy torment.
You are immune to petrification.
Your skin changes colour to match your surroundings (Stealth+).
Your muscles are strong. (Str +4, Int/Dex -1)


   Skills:
 - Level 3.0 Fighting
 + Level 5.6 Ranged Weapons
 - Level 1.2 Armour
 - Level 1.5 Dodging
 - Level 1.1 Stealth


You had 4 spell levels left.
You didn't know any spells.
Your spell library was empty.

Inventory:

Hand Weapons
 Y - a +1 heavy shortbow (weapon)
Armour
 e - a +0 pair of boots (worn)
 f - a +0 ring mail (worn)
Jewellery
 a - a ring of protection from cold (left hand)
 d - a ring of fire
Scrolls
 b - 2 scrolls of identify
Potions
 g - a potion of mutation
 h - a potion of curing
 i - a potion of resistance {unknown}
 j - a potion of lignification {unknown}
 k - a potion of degeneration {unknown}

Dungeon Overview and Level Annotations

Branches:
Dungeon (3/15)

Altars:

Annotations:
D:3 Grinder


Message History

The ball python constricts you. The orc hits you but does no damage.
The goblin hits you but does no damage. Grinder hits you but does no damage.
You can move again.
You shoot an arrow. The orc shouts!
The arrow hits the ball python!
You kill the ball python!
The goblin hits you but does no damage. The orc barely misses you.
Grinder hits you but does no damage. The goblin barely misses you.
Grinder hits you.
You writhe in agony.
You shoot an arrow. The arrow hits Grinder.
Grinder is lightly wounded.
The goblin closely misses you. The orc hits you but does no damage.
Grinder gestures at you.
You barely resist. Grinder hits you.
You writhe in agony.
The goblin hits you but does no damage. The orc misses you.
The orc barely misses you.
You shoot an arrow. The arrow hits Grinder.
Grinder is lightly wounded.
You hear an angry hiss.
A ball python comes into view.
The goblin hits you but does no damage. The orc hits you but does no damage.
Grinder hits you but does no damage. The orc hits you but does no damage.
You shoot an arrow. The arrow closely misses Grinder.
The orc hits you with a +0 whip. Grinder hits you.
You writhe in agony.
The orc hits you with a +0 hand axe. The goblin barely misses you.
The orc hits you but does no damage. The orc barely misses you.
Grinder hits you but does no damage. The goblin misses you.
You shoot an arrow. The arrow hits Grinder!
Grinder is moderately wounded.
The goblin hits you but does no damage. The orc closely misses you.
Grinder hits you.
You writhe in agony.
The orc hits you but does no damage. x2
Grinder barely misses you. The goblin misses you. The orc barely misses you.
You shoot an arrow.
The arrow hits Grinder but does no damage.
Grinder is moderately wounded.
The goblin hits you but does no damage. The orc closely misses you.
Grinder hits you but does no damage. The orc hits you but does no damage.
The orc hits you with a +0 whip.
You die...

.... #.####.# ######
#....#.# #..... #......#.
# ....?.... # #$..<.<..
##S....... #.# #go5......
#.# #o@)# ... #.#
#...#.... #.# #........
#.# #.#.###.# #.# #.#.#
#.# ######.# #.#.# #.#
#...##.## ######.#.# #.#
#.#......
##........###.###.>)#####
..........>........##


You could see Grinder, 2 orcs, a goblin and a ball python.

Vanquished Creatures
  3 gnolls (D:3)
  4 adders (D:2)
  2 worms (D:2)
  A dart slug (D:3)
  2 orcs (D:3)
  3 endoplasms (D:1)
  3 giant cockroaches
  5 goblins
  6 hobgoblins
  2 quokkas
  4 ball pythons
  6 bats
  2 frilled lizards
  4 kobolds
  A rat (D:1)
48 creatures vanquished.

Notes
Turn   | Place    | Note
-------+----------+-------------------------------------------
     0 | D:1      | qw the Gargoyle Hunter began the quest for the Orb.
     0 | D:1      | Reached XP level 1. HP: 12/12 MP: 1/1
     0 | D:1      | 0 ||| qw: Version: 0.3-a-76-g4403597
     0 | D:1      | 0 ||| qw: Game counter: 102
     0 | D:1      | 0 ||| qw: Melee chars always use a shield: true
     0 | D:1      | 0 ||| qw: God list: Okawaru
     0 | D:1      | 0 ||| qw: Allow faded altars: false
     0 | D:1      | 0 ||| qw: Do Orc after clearing Dungeon:15 true
     0 | D:1      | 0 ||| qw: Do second Lair branch before Depths: true
     0 | D:1      | 0 ||| qw: Lair rune preference: random
     0 | D:1      | 0 ||| qw: Goals: Normal
     0 | D:1      | 0 ||| PLANNING D:1-11
    89 | D:1      | Reached XP level 2. HP: 12/17 MP: 2/2
   405 | D:1      | Reached XP level 3. HP: 21/21 MP: 3/3
   443 | D:1      | 443 ||| UPGRADING to +0 pair of boots.
   448 | D:1      | 448 ||| UPGRADING to +0 ring mail.
   458 | D:1      | 458 ||| DROPPING +0 leather armour.
   459 | D:1      | 459 ||| READING scroll labelled AQUTTU UXTY.
   460 | D:1      | 460 ||| READING scroll labelled XUL HO FAC.
   461 | D:1      | 461 ||| READING scroll labelled CUOWNA LATIVU.
   462 | D:1      | 462 ||| READING scroll labelled CEUKUBR EMYPSO.
   465 | D:1      | 465 ||| DROPPING scroll of butterflies.
   555 | D:2      | Reached skill level 1 in Armour
   627 | D:2      | Reached skill level 5 in Ranged Weapons
   815 | D:2      | Reached XP level 4. HP: 27/27 MP: 4/4
   844 | D:2      | Reached skill level 3 in Fighting
  1034 | D:2      | 1034 ||| READING scroll labelled MINKOH YJIOS.
  1035 | D:2      | 1035 ||| READING scroll labelled RORPHE KOXULILL.
  1036 | D:2      | 1036 ||| READING scroll labelled PUIT VECRU.
  1037 | D:2      | 1037 ||| READING scroll labelled AZUIXT ZASUSCH.
  1038 | D:2      | 1038 ||| DRINKING 2 dark potions.
  1038 | D:2      | Gained mutation: Your skin changes colour to match your
                  | surroundings (Stealth+). [potion of mutation]
  1038 | D:2      | Gained mutation: Your muscles are strong. (Str +4, Int/Dex
                  | -1) [potion of mutation]
  1039 | D:2      | 1039 ||| DRINKING 2 bubbling red potions.
  1112 | D:3      | 1112 ||| RETREATING.
  1137 | D:3      | 1137 ||| FLEEEEING.
  1138 | D:3      | 1138 ||| FLEEEEING.
  1144 | D:3      | 1144 ||| FLEEEEING.
  1145 | D:3      | 1145 ||| FLEEEEING.
  1146 | D:3      | 1146 ||| FLEEEEING.
  1147 | D:3      | 1147 ||| FLEEEEING.
  1148 | D:3      | 1148 ||| FLEEEEING.
  1150 | D:3      | 1150 ||| FLEEEEING.
  1151 | D:3      | 1151 ||| FLEEEEING.
  1152 | D:3      | 1152 ||| FLEEEEING.
  1153 | D:3      | 1153 ||| FLEEEEING.
  1154 | D:3      | 1154 ||| FLEEEEING.
  1155 | D:3      | 1155 ||| FLEEEEING.
  1156 | D:3      | 1156 ||| FLEEEEING.
  1164 | D:3      | 1164 ||| STAIRDANCE
  1199 | D:2      | 1199 ||| UPGRADING to ring of protection from cold.
  1242 | D:3      | Reached XP level 5. HP: 32/32 MP: 5/5
  1422 | D:3      | Noticed Grinder
  1427 | D:3      | Paralysed by Grinder for 2 turns
  1433 | D:3      | HP: 5/32 [Grinder (4)]
  1434 | D:3      | Slain by an orc

Levels and vault maps discovered:
D:1:      lightli_arrival_isolated_outpost, layout_rooms, reono_crystal_passage
D:2:      layout_rooms
D:3:      layout_loops_ring, uniq_grinder

Skill      XL: |  1  2  3  4 |
---------------+-------------+-----
Armour         | 1 |  1.2
Ranged Weapons | 5 |  5.6
Fighting       | 3 |  3.0
Dodging        | |  1.5
Stealth        | |  1.1

Action                     |  1- 3 |  4- 6 || total
---------------------------+-------+-------++-------
   Fire: Shortbow          |   124 |    57 ||   181
    Use: Scroll            |     4 |     4 ||     8
         Potion            |       |     2 ||     2
 Armour: Leather armour    |     6 |       ||     6
         Ring mail         |    31 |    56 ||    87
  Dodge: Dodged            |    29 |    30 ||    59

Table legend:
 A = Non-vault XP
 B = Vault XP
 C = Vault XP percentage of total XP
 D = Non-vault monster count
 E = Vault monster count
 F = Vault count percentage of total count
                 A         B        C        D         E       F
            +---------+---------+-------+---------+---------+-------
      Total |     175 |       0 |   0.0 |      48 |       0 |   0.0
            +---------+---------+-------+---------+---------+-------
        D:1 |      35 |       0 |   0.0 |      21 |       0 |   0.0
        D:2 |      76 |       0 |   0.0 |      15 |       0 |   0.0
        D:3 |      64 |       0 |   0.0 |      12 |       0 |   0.0
            +---------+---------+-------+---------+---------+-------
